 Dungeon Crawl Stone Soup version 0.32-a0-22-g6ae6769602 (webtiles) character file.

Game seed: 7641808247091764345

854 PriceMaster the Magician (level 7, -9/34 HPs)
             Began as a Spriggan Conjurer on Jan 18, 2024.
             Killed by miscasting Fulminant Prism (14 damage)
             ... on level 5 of the Dungeon.
             The game lasted 00:19:47 (6146 turns).

PriceMaster the Magician (Spriggan Conjurer)        Turns: 6146, Time: 00:19:48

Health: -9/34      AC:  2    Str:  3    XL:     7   Next: 70%
Magic:  7/16       EV: 18    Int: 22    God:
Gold:   290        SH:  0    Dex: 13    Spells: 9/16 levels left

rFire   . . .        i - +1 trident (distort)
rCold   . . .        (shield currently unavailable)
rNeg    . . .        a - +0 robe
rPois   .            f - +0 hat
rElec   .            (no cloak)
rCorr   .            (gloves unavailable)
SInv    +            (boots unavailable)
Will    +....        (no amulet)
Stlth   +++          (no ring)
HPRegen 0.25/turn    (no ring)
MPRegen 0.15/turn

%: no passive effects
@: very slightly contaminated, very quick
A: very small, no large weapons, unfitting armour, see invisible, speed 3
a: no special abilities


You were on level 5 of the Dungeon.
You visited 1 branch of the dungeon, and saw 5 of its levels.

You collected 290 gold pieces.

Inventory:

Hand Weapons
 b - a +0 dagger
 i - a +1 trident of distortion (weapon)
Missiles
 g - 2 throwing nets
Armour
 a - a +0 robe (worn)
 f - a +0 hat (worn)
Jewellery
 d - a +6 ring of strength
Wands
 h - a wand of digging (8)
 o - a wand of charming (9)
Scrolls
 c - 3 scrolls of poison
 e - a scroll of amnesia
 j - 3 scrolls of teleportation
 m - 2 scrolls of identify
 p - a scroll of noise {unknown}


   Skills:
 + Level 1.6 Fighting
 + Level 0.5 Short Blades
 + Level 3.1 Polearms
 + Level 3.9 Dodging
 + Level 4.9 Stealth
 + Level 0.2 Unarmed Combat
 + Level 5.4 Spellcasting
 + Level 4.5 Conjurations
 + Level 0.3 Alchemy


You had 9 spell levels left.
You knew the following spells:

 Your Spells              Type           Power      Damage    Failure   Level
a - Magic Dart            Conj           100%       1d8       1%          1
b - Searing Ray           Conj           52%        2d6       2%          2
c - Fulminant Prism       Conj/Alch      8%         3d7       34%         4

Your spell library contained the following spells:

 Spells                   Type           Power      Damage    Failure   Level
 Tukima's Dance           Hex            5%         N/A       28%         3
 Iskenderun's Mystic Bla  Conj/Tloc      16%        2d5       36%         4
 Passage of Golubria      Tloc           5%         N/A       67%         4
 Yara's Violent Unravell  Hex/Alch       3%         3d4       94%         5


Dungeon Overview and Level Annotations

Branches:
Dungeon (5/15)
 Temple: D:4-7

Altars:
Xom


Innate Abilities, Weirdness & Mutations

You are very small and have problems with some larger weapons.
You are too small for most types of armour.
You have supernaturally acute eyesight. (SInv)
You cover ground extremely quickly. (Speed+++)


Message History

Things that are here:
a +0 dagger; a +0 robe; an orc corpse You start resting.
You feel less attractive to monsters.
You start resting.
An orc wizard is nearby!
Aiming: Magic Dart (safe; 1% risk of failure)
Press: ? - help, Q - select action, (/) - cycle Shift-Dir - straight line, f - orc wizard
Aim: an orc wizard, wielding a +0 dagger and wearing a +0 robe (slightly transparent, 100% to hit)
Okay, then.
Aiming: Magic Dart (safe; 1% risk of failure)
Press: ? - help, Q - select action, (/) - cycle Shift-Dir - straight line, f - orc wizard
Aim: an orc wizard, wielding a +0 dagger and wearing a +0 robe (slightly transparent, 100% to hit)
The magic dart hits the orc wizard.
The orc wizard is moderately wounded.
The orc wizard casts a spell at you. The puff of flame hits you!
Aiming: Magic Dart (safe; 1% risk of failure)
Press: ? - help, Q - select action, (/) - cycle Shift-Dir - straight line, f/p - orc wizard
Aim: an orc wizard, wielding a +0 dagger and wearing a +0 robe (moderately wounded, slightly transparent, 100% to hit)
The magic dart hits the orc wizard.
The orc wizard is moderately wounded.
Aiming: Magic Dart (safe; 1% risk of failure)
Press: ? - help, Q - select action, (/) - cycle Shift-Dir - straight line, f/p - orc wizard
Aim: an orc wizard, wielding a +0 dagger and wearing a +0 robe (moderately wounded, slightly transparent, 100% to hit)
The magic dart hits the orc wizard.
The orc wizard is heavily wounded.
The orc wizard casts a spell at you. The magic dart hits you.
* * * LOW HITPOINT WARNING * * *
Unknown command.
Okay, then.
Casting: Magic Dart (safe; 1% risk of failure)
Confirm with . or Enter, or press ? or * to list all spells.
Aiming: Fulminant Prism (extremely dangerous; 34% risk of failure)
Press: ? - help, Dir - move target, p - orc wizard You miscast Fulminant Prism.
You are very lightly contaminated with residual magic.
A wave of violent energy washes through your body!
You die...

#.# #.######
####......#######
...#............#
##.#............#
................#
.#.#.#..##......#
.#.#.##.........########
............)...@...)o>#
.#'#######...†..######)#
....# #......# #.# ..(.#
#......# #.# ....#
####.### #.# .#'##
#.#......)..# .#.#
#.#.........# .#.#
#.#?........# .#.#
#.#.........#


You could see an orc wizard (invisible).

Vanquished Creatures
  Menkaure (D:4)
  A black bear (D:5)
  The ghost of osoart the Ducker, an amateur MfHu (D:3)
  A kobold brigand (D:3)
  A scorpion (D:5)
  A jelly (D:5)
  2 sleepcaps
  Terence (D:3)
  Jessica (D:3)
  2 iguanas (D:5)
  3 orc wizards (D:5)
  2 adders
  A dart slug (D:3)
  6 ribbon worms
  18 orcs
  6 bats
  7 endoplasms
  3 giant cockroaches
  6 hobgoblins
  2 jackals (D:2)
  15 kobolds
  3 quokkas
  6 ball pythons
  9 frilled lizards
  7 goblins
  5 rats
111 creatures vanquished.

Vanquished Creatures (others)
  2 fulminant prisms (D:5)
2 creatures vanquished.

Grand Total: 113 creatures vanquished

Notes
Turn   | Place    | Note
-------+----------+-------------------------------------------
     0 | D:1      | PriceMaster the Spriggan Conjurer began the quest for the
                  | Orb.
     0 | D:1      | Reached XP level 1. HP: 9/9 MP: 5/5
   131 | D:1      | Reached skill level 3 in Spellcasting
   305 | D:1      | Reached XP level 2. HP: 13/13 MP: 0/7
   430 | D:1      | Learned a level 2 spell: Searing Ray
   868 | D:2      | Reached XP level 3. HP: 16/16 MP: 0/8
  1675 | D:3      | Noticed Terence
  2921 | D:3      | Killed Terence
  2922 | D:3      | Reached XP level 4. HP: 11/21 MP: 0/10
  3244 | D:3      | Found a faded altar of an unknown god.
  3307 | D:3      | Found a shimmering altar of Xom.
  3350 | D:3      | Found a runed translucent gate.
  3350 | D:3      | Found a runed translucent gate.
  3350 | D:3      | Found a runed translucent gate.
  3351 | D:3      | Noticed osoart's ghost (amateur MfHu)
  3351 | D:3      | Noticed a kobold brigand
  3529 | D:3      | Identified the +0 robe of Lifelessness {Int+3}
  3752 | D:3      | Reached skill level 4 in Spellcasting
  3752 | D:3      | Reached XP level 5. HP: 24/24 MP: 2/12
  4079 | D:3      | Noticed Jessica
  4082 | D:3      | Killed Jessica
  4252 | D:3      | Upgraded the game from 0.32-a0-20-ge526923d97 to
                  | 0.32-a0-22-g6ae6769602
  4570 | D:3      | Learned a level 4 spell: Fulminant Prism
  4682 | D:3      | Killed osoart's ghost
  4683 | D:3      | Reached skill level 1 in Polearms
  4688 | D:3      | Reached XP level 6. HP: 28/29 MP: 0/14
  5008 | D:4      | Noticed Menkaure
  5013 | D:4      | Killed Menkaure
  5014 | D:4      | Reached skill level 1 in Fighting
  5014 | D:4      | Reached skill level 5 in Spellcasting
  5680 | D:5      | Entered Level 5 of the Dungeon
  5689 | D:5      | Reached XP level 7. HP: 33/33 MP: 15/15
  6146 | D:5      | Killed by miscasting Fulminant Prism

Illustrated notes

Levels and vault maps discovered:
D:1:      noname_arrival_rooms_in_the_neighbourhood, layout_rooms
D:2:      minmay_diamond_boxcup, layout_basic
D:3:      minmay_recursive_quarters, layout_basic,
          nicolae_overflow_ecumenical_swirl, gammafunk_ghost_nasty_kobolds,
          kennysheep_jessica_study, uniq_terence
D:4:      layout_loops_ring, nicolae_letterblocks [nicolae_letter_subblock,
          nicolae_letter_subblock, nicolae_letter_subblock,
          nicolae_letter_subblock, nicolae_letter_subblock,
          nicolae_letter_subblock, nicolae_letter_subblock,
          nicolae_letter_subblock, nicolae_letter_subblock,
          nicolae_letter_subblock, nicolae_letter_subblock,
          nicolae_letter_subblock, nicolae_letter_subblock,
          nicolae_letter_subblock, nicolae_letter_subblock,
          nicolae_letter_subblock, nicolae_letter_subblock,
          nicolae_letter_subblock, nicolae_letter_subblock,
          nicolae_letter_subblock, nicolae_letter_subblock,
          nicolae_letter_subblock, nicolae_letter_subblock,
          nicolae_letter_subblock, nicolae_letter_subblock], uniq_menkaure
D:5:      layout_basic, minmay_temple_entry_butterflies

Skill      XL: |  1  2  3  4  5  6  7 |
---------------+----------------------+-----
Conjurations   | 3 4 |  4.5
Spellcasting   | 3 4 5 |  5.4
Dodging        | 3 |  3.9
Polearms       | 1 2 3 |  3.1
Fighting       | 1 |  1.6
Stealth        | 4 |  4.9
Short Blades   | |  0.5
Unarmed Combat | |  0.2
Alchemy        | |  0.3

Action                     |  1- 3 |  4- 6 |  7- 9 || total
---------------------------+-------+-------+-------++-------
  Melee: Unarmed           |    17 |       |       ||    17
         Dagger            |    47 |       |       ||    47
         Trident           |       |    67 |    37 ||   104
   Cast: Magic Dart        |   141 |    59 |    11 ||   211
         Searing Ray       |     6 |     5 |       ||    11
         Fulminant Prism   |       |       |     2 ||     2
    Use: Potion            |     8 |       |     3 ||    11
         Scroll            |     2 |     3 |     1 ||     6
   Stab: Sleeping          |     1 |     2 |     3 ||     6
         Fleeing           |       |       |     1 ||     1
 Armour: Robe              |    41 |    12 |    19 ||    72
  Dodge: Dodged            |    91 |    51 |    23 ||   165

Table legend: (Time is in decaauts)
 A = Elapsed time spent in this place.
 B = Non-inter-level travel time spent in this place.
 C = Inter-level travel time spent in this place.
 D = Time resting spent in this place.
 E = Time spent auto-exploring this place.
 F = Levels seen in this place.
 G = Mean time per level.
                   A        B        C        D        E       F      G
               +--------+--------+--------+--------+--------+-----+--------+
         Total |   4793 |   4743 |     50 |    828 |   2769 |   5 |  958.6 |
       Dungeon |   4793 |   4743 |     50 |    828 |   2769 |   5 |  958.6 |
               +--------+--------+--------+--------+--------+-----+--------+

Top non-repeatable levels by time:
     D:3: 2664 daAuts
     D:1: 629 daAuts
     D:2: 580 daAuts
     D:4: 547 daAuts
     D:5: 372 daAuts
